[Event "ICC tourney 2022 (75 10)"]
[Site "Internet Chess Club"]
[Date "2020.09.27"]
[Round "5"]
[White "saanvichess"]
[Black "Nikhilp"]
[Result "1-0"]
[ICCResult "Black resigns"]
[WhiteElo "1672"]
[BlackElo "1802"]
[Opening "Scotch gambit: Dubois-Réti defense"]
[ECO "C55"]
[NIC "KP.02"]
[Time "16:33:38"]
[TimeControl "4500+10"]

1. e4 e5 2. Nf3 Nc6 3. d4 exd4 4. Bc4 Nf6 5. e5 Ng4 6. O-O Be7 7. Bf4 d6 8.
exd6 cxd6 9. Nxd4 O-O 10. Nc3 Bf6 11. Nxc6 bxc6 12. Qxd6 Qxd6 13. Bxd6 Rd8
14. Rad1 Bf5 15. Bb3 Rac8 16. Bc5 a6 17. h3 Ne5 18. Be3 h6 19. Rfe1 g5 20.
Rxd8+ Rxd8 21. f4 Ng6 22. g4 Bc8 23. Ne4 Bd4 24. fxg5 Ne5 25. Kf2 hxg5 26.
Bxd4 Rxd4 27. Nf6+ Kf8 28. Rxe5 Rf4+ 29. Kg3 Rxf6 30. Rxg5 Rg6 31. Rxg6 fxg6
32. Kf4 Kg7 33. Kg5 c5 34. h4 Bd7 35. Kf4 Bb5 36. a4 Be2 37. Bd5 Bd1 38. a5
Bxc2 39. Bc4 Kf6 40. Bxa6 Ke7 41. Bb7 Kd7 42. a6 Kc7 43. Be4 Bb3 44. Bxg6
Kb6 45. h5 Kxa6 46. h6 Bg8 47. h7 Bxh7 48. Bxh7 Kb5 49. g5 {Black resigns}
1-0

[Event "ICC tourney 2022 (75 10)"]
[Site "Internet Chess Club"]
[Date "2020.09.27"]
[Round "5"]
[White "IndianTerritory"]
[Black "python0812"]
[Result "1/2-1/2"]
[ICCResult "Game drawn by mutual agreement"]
[WhiteElo "2002"]
[BlackElo "2040"]
[Opening "Sicilian: dragon, Yugoslav attack"]
[ECO "B75"]
[NIC "SI.17"]
[Time "16:33:29"]
[TimeControl "4500+10"]

1. e4 c5 2. Nf3 d6 3. d4 cxd4 4. Nxd4 Nf6 5. Nc3 g6 6. Be3 Bg7 7. f3 a6 8.
Bc4 b5 9. Bb3 Bb7 10. O-O Nbd7 11. a4 b4 12. Nd5 Nxd5 13. Bxd5 Bxd5 14. exd5
Ne5 15. Qe1 O-O 16. Qxb4 Rb8 17. Qc3 Rc8 18. Qb3 Rb8 19. Qc3 Rc8 20. Qb3 Rb8
21. Qa2 Qc7 22. Rfe1 Nc4 23. Nc6 Nxe3 24. Rxe3 Rxb2 25. Qc4 Qb6 26. Re1 Rb1
27. Kf1 Qxe3 28. Rxb1 e6 29. dxe6 Qxe6 30. Qxa6 Qa2 31. Re1 Qxc2 32. Ne7+
Kh8 33. Qxd6 Qxa4 34. g3 Qc4+ 35. Kf2 Ra8 36. Qd5
{Game drawn by mutual agreement}
1/2-1/2

[Event "ICC tourney 2022 (75 10)"]
[Site "Internet Chess Club"]
[Date "2020.09.27"]
[Round "5"]
[White "joeandjoe56"]
[Black "Roger436"]
[Result "1-0"]
[ICCResult "Black resigns"]
[WhiteElo "1825"]
[BlackElo "1641"]
[Opening "Sicilian: accelerated fianchetto, modern variation"]
[ECO "B34"]
[NIC "SI.33"]
[Time "16:33:36"]
[TimeControl "4500+10"]

1. e4 c5 2. Nf3 Nc6 3. d4 cxd4 4. Nxd4 g6 5. Nc3 Bg7 6. Be3 Nf6 7. f4 O-O 8.
e5 Ne8 9. Qd2 Nxd4 10. Bxd4 d6 11. exd6 Nxd6 12. Bxg7 Kxg7 13. O-O-O Bf5 14.
Bd3 Be6 15. Rhg1 Qb6 16. g4 Rfd8 17. Qe2 Rac8 18. f5 Bc4 19. Qe5+ Kg8 20.
fxg6 hxg6 21. Rg3 Bxd3 22. cxd3 Qc5 23. Qxe7 Nb5 24. Qxc5 Rxc5 25. Kd2 Nxc3
26. bxc3 Ra5 27. Ra1 Rd6 28. Rg2 Ra3 29. d4 Rc6 30. Rg3 Rca6 31. Kd3 Rxa2
32. Rxa2 Rxa2 33. h3 Ra6 34. d5 Rd6 35. Kd4 Kf8 36. Re3 b6 37. c4 Rd8 38. c5
bxc5+ 39. Kxc5 Re8 40. Ra3 Re7 41. d6 Re5+ 42. Kc6 a5 43. Rb3 f6 44. Rb8+
Kf7 45. d7 Re6+ 46. Kb5 Re5+ 47. Ka4 Re4+ 48. Kxa5 Re5+ 49. Kb6 Re6+ 50. Kc7
Re7 51. Kc8 f5 52. d8=Q Re8 53. Qxe8+ Kxe8 54. Rb6 Kf7 55. gxf5 gxf5 56. h4
f4 57. Rb4 f3 58. Rf4+ Kg6 59. Rxf3 Kh5 60. Kd7 {Black resigns} 1-0

[Event "ICC tourney 2022 (75 10)"]
[Site "Internet Chess Club"]
[Date "2020.09.27"]
[Round "5"]
[White "abi2009"]
[Black "chesslin"]
[Result "0-1"]
[ICCResult "White resigns"]
[WhiteElo "1775"]
[BlackElo "1958"]
[Opening "Robatsch (modern) defense"]
[ECO "B06"]
[NIC "KF.05"]
[Time "16:33:25"]
[TimeControl "4500+10"]

1. e4 g6 2. d4 Bg7 3. c3 d6 4. Be3 Nf6 5. f3 Nc6 6. Bd3 e5 7. Ne2 d5 8. Nd2
Be6 9. O-O O-O 10. Qc2 Re8 11. b4 exd4 12. Nxd4 dxe4 13. Nxe4 Nd5 14. Nxc6
bxc6 15. Bd2 Nxb4 16. cxb4 Bxa1 17. Kh1 Bg7 18. Nc5 Bd5 19. a4 Qh4 20. Ne4
Re5 21. Bc3 Rh5 22. g3 Qe7 23. Bxg7 Kxg7 24. Qc3+ Qe5 25. Qc2 Qd4 26. Nc3
Re8 27. Be4 Qxb4 28. Nxd5 cxd5 29. Bd3 c5 30. Rb1 Re1+ 31. Rxe1 Qxe1+ 32.
Kg2 c4 33. Bf1 Re5 34. Qb2 c3 35. Qc2 Qd2+ 36. Qxd2 cxd2 {White resigns} 0-1

[Event "ICC tourney 2022 (75 10)"]
[Site "Internet Chess Club"]
[Date "2020.09.27"]
[Round "5"]
[White "VincentT2008"]
[Black "orwind"]
[Result "1-0"]
[ICCResult "Black checkmated"]
[WhiteElo "1775"]
[BlackElo "1298"]
[Opening "Benkö gambit accepted"]
[ECO "A58"]
[NIC "BI.41"]
[Time "16:33:34"]
[TimeControl "4500+10"]

1. d4 Nf6 2. c4 c5 3. d5 b5 4. cxb5 a6 5. bxa6 g6 6. Nc3 Bxa6 7. g3 d6 8.
Bg2 Bg7 9. Nf3 O-O 10. O-O Nbd7 11. h3 Nb6 12. Re1 Nfd7 13. e4 Qc7 14. Bg5
Rfe8 15. Qc1 Rab8 16. Bh6 Nc4 17. b3 Nce5 18. Bxg7 Kxg7 19. Nxe5 Nxe5 20.
Qe3 Nd3 21. Red1 Nb4 22. Rac1 Qa5 23. Rd2 Bb7 24. f4 Qa3 25. Re1 Qa5 26. e5
Qa8 27. f5 Rbd8 28. f6+ exf6 29. exf6+ Kxf6 30. Ne4+ Kg7 31. Qc3+ Kh6 32. g4
Re5 33. g5+ Kg7 34. Nxd6 Kg8 35. Qxe5 Qa6 36. Ne8 Qb6 37. Qg7#
{Black checkmated}
1-0

[Event "ICC tourney 2022 (75 10)"]
[Site "Internet Chess Club"]
[Date "2020.09.27"]
[Round "5"]
[White "goodcrowdchess"]
[Black "Theutltl"]
[Result "1-0"]
[ICCResult "Black resigns"]
[WhiteElo "1607"]
[BlackElo "993"]
[Opening "Sicilian: Richter-Rauzer, Rauzer attack, 7...Be7"]
[ECO "B63"]
[NIC "SI.27"]
[Time "16:33:29"]
[TimeControl "4500+10"]

1. e4 c5 2. Nf3 d6 3. d4 cxd4 4. Nxd4 Nf6 5. Nc3 Nc6 6. Bg5 e6 7. Qd2 Be7 8.
f3 a6 9. g4 Qc7 10. O-O-O b5 11. Nxc6 Qxc6 12. h4 Bb7 13. Bxf6 Bxf6 14. Qxd6
Qxd6 15. Rxd6 Ke7 16. Rd3 Rhd8 17. Be2 Rac8 18. g5 Be5 19. Rxd8 Rxd8 20. Bd3
b4 21. Ne2 a5 22. f4 Bc7 23. Rf1 Bb6 24. Ng3 Be3+ 25. Kd1 Bd4 26. b3 Bc3 27.
Ke2 Bc6 28. f5 e5 29. f6+ gxf6 30. gxf6+ Ke6 31. Bc4+ Kd7 32. Bxf7 Rf8 33.
Bc4 a4 34. f7 axb3 35. axb3 Ke7 36. Nf5+ Kd8 37. Rg1 {Black resigns} 1-0

[Event "ICC tourney 2022 (75 10)"]
[Site "Internet Chess Club"]
[Date "2020.09.27"]
[Round "5"]
[White "ruitang"]
[Black "ciciwin"]
[Result "0-1"]
[ICCResult "White resigns"]
[WhiteElo "1653"]
[BlackElo "1681"]
[Opening "Sicilian: accelerated fianchetto, modern variation with Bc4"]
[ECO "B35"]
[NIC "SI.33"]
[Time "16:33:43"]
[TimeControl "4500+10"]

1. e4 c5 2. Nf3 Nc6 3. d4 cxd4 4. Nxd4 g6 5. Nc3 Bg7 6. Be3 Nf6 7. Bc4 d6 8.
f3 O-O 9. Bb3 Bd7 10. Qd2 a6 11. O-O-O b5 12. h4 Nxd4 13. Bxd4 a5 14. Nd5
Nxd5 15. Bxd5 Rc8 16. Bxg7 Kxg7 17. h5 Rh8 18. e5 Bf5 19. h6+ Kf8 20. Be4
Bxe4 21. fxe4 Rc6 22. Rhf1 Qc8 23. Kb1 b4 24. Qf2 Qe6 25. Rd5 a4 26. Ra5 Rc8
27. exd6 exd6 28. Ra7 f6 29. Qxf6+ Qxf6 30. Rxf6+ Ke8 31. Rxd6 Rf8 32. Rd1
Rf2 33. Rxh7 Rcxc2 34. Rh8+ Kf7 35. Rh1 Rxb2+ 36. Kc1 Rxa2 37. Rh7+ Ke6 38.
Kb1 a3 {White resigns} 0-1

[Event "ICC tourney 2022 (75 10)"]
[Site "Internet Chess Club"]
[Date "2020.09.27"]
[Round "5"]
[White "IAlwaysWin"]
[Black "Joshua1"]
[Result "1/2-1/2"]
[ICCResult "Game drawn by repetition"]
[WhiteElo "1969"]
[BlackElo "1844"]
[Opening "English opening"]
[ECO "A20"]
[NIC "EO.25"]
[Time "16:33:39"]
[TimeControl "4500+10"]

1. c4 e5 2. a3 Nf6 3. Nc3 Nc6 4. g3 d6 5. Bg2 Be6 6. d3 Be7 7. b4 Qc8 8. b5
Nb8 9. Nd5 c6 10. Nxe7 Kxe7 11. Bb2 Rd8 12. c5 Qc7 13. Nf3 Qa5+ 14. Qd2
Qxd2+ 15. Kxd2 Nbd7 16. cxd6+ Kxd6 17. bxc6 bxc6 18. Ng5 Rac8 19. Rhc1 c5
20. Nxe6 Kxe6 21. Bc3 Rb8 22. Rab1 Rxb1 23. Rxb1 Rb8 24. Rxb8 Nxb8 25. Ba5
Kd6 26. Kc2 Nc6 27. Bc3 Nd4+ 28. Kd2 Nd5 29. Bb2 Nb3+ 30. Kc2 Nd4+ 31. Kd2
Nb3+ 32. Kc2 Nd4+ 33. Kd2 Nb3+ {Game drawn by repetition} 1/2-1/2

[Event "ICC tourney 2022 (75 10)"]
[Site "Internet Chess Club"]
[Date "2020.09.27"]
[Round "5"]
[White "tigertiger2019"]
[Black "Legal757"]
[Result "0-1"]
[ICCResult "White resigns"]
[WhiteElo "1673"]
[BlackElo "1902"]
[Opening "Réti: advance variation"]
[ECO "A09"]
[NIC "RE.16"]
[Time "16:33:40"]
[TimeControl "4500+10"]

1. Nf3 d5 2. c4 d4 3. e3 c5 4. exd4 cxd4 5. d3 Nc6 6. g3 e5 7. Bg2 Nf6 8.
O-O Bd6 9. Re1 O-O 10. Nbd2 Re8 11. Ng5 Bf5 12. Nge4 Nxe4 13. Nxe4 Be7 14.
Qb3 Qc7 15. a3 h6 16. Qc2 a5 17. Bd2 Bg6 18. Qd1 f5 19. h4 fxe4 20. Qg4 Qd6
21. h5 Bh7 22. Bf3 exf3 {White resigns} 0-1

[Event "ICC tourney 2022 (75 10)"]
[Site "Internet Chess Club"]
[Date "2020.09.27"]
[Round "5"]
[White "Lukastico"]
[Black "slolla"]
[Result "1/2-1/2"]
[ICCResult "Game drawn by mutual agreement"]
[WhiteElo "1932"]
[BlackElo "1824"]
[Opening "King's Indian: fianchetto, Panno variation"]
[ECO "E63"]
[NIC "KI.71"]
[Time "16:33:37"]
[TimeControl "4500+10"]

1. Nf3 Nf6 2. d4 g6 3. c4 Bg7 4. g3 O-O 5. Bg2 d6 6. O-O Nc6 7. Nc3 a6 8. b3
Bd7 9. Nd5 b5 10. Nxf6+ Bxf6 11. Bh6 Re8 12. Rc1 Rb8 13. Qd2 e5 14. d5 Nd4
15. c5 Nxf3+ 16. Bxf3 e4 17. Bg2 b4 18. cxd6 cxd6 19. Rc4 Bc3 20. Qe3 f5 21.
Qa7 Ra8 22. Qb7 Rb8 23. Qa7 Ra8 {Game drawn by mutual agreement} 1/2-1/2

[Event "ICC tourney 2022 (75 10)"]
[Site "Internet Chess Club"]
[Date "2020.09.27"]
[Round "5"]
[White "kwen2008"]
[Black "Averyyu321"]
[Result "1-0"]
[ICCResult "Black checkmated"]
[WhiteElo "1748"]
[BlackElo "1750"]
[Opening "QGD: exchange, positional line"]
[ECO "D35"]
[NIC "QO.16"]
[Time "16:33:40"]
[TimeControl "4500+10"]

1. d4 d5 2. c4 e6 3. Nc3 Nf6 4. cxd5 exd5 5. Bg5 Be7 6. Qc2 c6 7. e3 h6 8.
Bh4 O-O 9. Bd3 Nbd7 10. Nf3 Re8 11. O-O Nf8 12. Rab1 Ne4 13. Bxe7 Qxe7 14.
b4 a6 15. a4 Nd7 16. b5 axb5 17. axb5 Ndf6 18. bxc6 bxc6 19. Ne5 Nxc3 20.
Qxc3 Bb7 21. Rb6 Qc7 22. Rfb1 Rab8 23. Qc2 c5 24. Qxc5 Qxc5 25. dxc5 Rxe5
26. Rxb7 Rxb7 27. Rxb7 g6 28. c6 Re8 29. c7 Nd7 30. Bb5 Ra8 31. h3 Nf8 32.
Rb8 Rxb8 33. cxb8=Q d4 34. exd4 h5 35. d5 Kg7 36. d6 Ne6 37. d7 h4 38. Bc4
Nd8 39. Qxd8 g5 40. Qxg5+ Kh8 41. d8=Q+ Kh7 42. Qdg8# {Black checkmated} 1-0

[Event "ICC tourney 2022 (75 10)"]
[Site "Internet Chess Club"]
[Date "2020.09.27"]
[Round "5"]
[White "mikoyansuren"]
[Black "ryanwang"]
[Result "1-0"]
[ICCResult "Black resigns"]
[WhiteElo "1828"]
[BlackElo "1853"]
[Opening "Trompowsky attack (Ruth, Opocenský opening)"]
[ECO "A45"]
[NIC "QP.07"]
[Time "16:33:22"]
[TimeControl "4500+10"]

1. d4 Nf6 2. Bg5 d5 3. e3 h6 4. Bxf6 exf6 5. c4 dxc4 6. Bxc4 Bd6 7. Nc3 c6
8. Nf3 O-O 9. O-O Nd7 10. Qc2 Re8 11. Rac1 Nf8 12. a3 Be6 13. Qd3 Bxc4 14.
Qxc4 a5 15. Rfd1 f5 16. d5 c5 17. Nd2 Nd7 18. Qb3 Qb6 19. Qc2 g6 20. Nc4 Qa6
21. Nxd6 Qxd6 22. Nb5 Qb6 23. a4 Rac8 24. d6 Re4 25. Nc7 Qc6 26. Nd5 Qxd6
27. Nc3 Qe6 28. Nxe4 fxe4 29. b3 Nb6 30. Rd2 Nd5 31. Rcd1 Nb4 32. Rd8+ Kh7
33. Qc3 Rxd8 34. Rxd8 f6 35. Qxc5 Nc6 36. Rd6 Qxb3 37. Rd7+ Kg8 38. Qb5 Qc3
39. g3 {Black resigns} 1-0

[Event "ICC tourney 2022 (75 10)"]
[Site "Internet Chess Club"]
[Date "2020.09.27"]
[Round "5"]
[White "pangpangba"]
[Black "saisneha"]
[Result "0-1"]
[ICCResult "White resigns"]
[WhiteElo "1639"]
[BlackElo "1871"]
[Opening "Scotch: Meitner variation"]
[ECO "C45"]
[NIC "SO.05"]
[Time "16:33:32"]
[TimeControl "4500+10"]

1. e4 e5 2. Nf3 Nc6 3. d4 exd4 4. Nxd4 Bc5 5. Be3 Qf6 6. c3 Nge7 7. Nc2 Bb6
8. Bd3 Ne5 9. O-O O-O 10. f4 Bxe3+ 11. Nxe3 Qb6 12. Qd2 Nxd3 13. Qxd3 Qxb2
14. Nd2 Qb6 15. Nc4 Qc6 16. Rf3 d6 17. Rg3 Be6 18. f5 Bxc4 19. Nxc4 d5 20.
Ne5 Qb6+ 21. Kh1 Rad8 22. Rb1 dxe4 23. Qf1 Qd6 24. Ng4 f6 25. Qc4+ Qd5 26.
Qe2 Nxf5 27. Rh3 b6 28. Rf1 Nd6 29. Rg3 Kh8 30. Ne3 Qe5 31. Qg4 f5 32. Qh5
Rde8 33. Rh3 h6 34. Rh4 Qxc3 35. Nd5 Qe5 36. Nf4 Kg8 37. Ng6 Qb5 38. Rg1 Rf6
39. g4 Qd5 40. Nf4 Qc6 41. g5 e3+ 42. Ng2 e2 43. gxf6 e1=Q 44. Qg6 Qxg1+ 45.
Kxg1 Qc1+ 46. Kf2 Qd2+ 47. Kf1 Qe2+ 48. Kg1 Qd1+ 49. Kf2 Re2+ 50. Kf3 Qd3+
{White resigns}
0-1

[Event "ICC tourney 2022 (75 10)"]
[Site "Internet Chess Club"]
[Date "2020.09.27"]
[Round "5"]
[White "meghna"]
[Black "Natey"]
[Result "1/2-1/2"]
[ICCResult "Game drawn because neither player has mating material"]
[WhiteElo "1914"]
[BlackElo "1667"]
[Opening "Ruy Lopez: 5.O-O"]
[ECO "C78"]
[NIC "RL.12"]
[Time "16:33:29"]
[TimeControl "4500+10"]

1. e4 e5 2. Nf3 Nc6 3. Bb5 a6 4. Ba4 Nf6 5. O-O b5 6. Bb3 Bc5 7. d3 O-O 8.
c3 d6 9. h3 Be6 10. Bc2 Bb6 11. d4 exd4 12. cxd4 Nb4 13. Bb3 Bxb3 14. Qxb3
Nc6 15. Qd3 Re8 16. Bg5 h6 17. Bh4 g5 18. Bg3 Nxe4 19. Bh2 Qf6 20. Nc3 Nxc3
21. bxc3 b4 22. Qc4 d5 23. Qxd5 Rad8 24. Qc4 bxc3 25. Qxc3 Nxd4 26. Kh1 Qf5
27. Ng1 Ne2 28. Qc4 Nxg1 29. Bxg1 Qb5 30. Qg4 Qe2 31. Qg3 Rd3 32. f3 Qe5 33.
Qg4 Bxg1 34. Rxg1 Rd4 35. Rae1 Rxg4 36. Rxe5 Rxe5 37. hxg4 Kf8 38. Rc1 c5
39. Kg1 Ke7 40. Rb1 Re2 41. Rb7+ Kf6 42. Rb6+ Re6 43. Rb2 Ke5 44. Kf2 Kd4
45. Rd2+ Kc3 46. Rd7 Rf6 47. Rc7 c4 48. a4 Kb3 49. Ke2 Rd6 50. a5 f6 51.
Rb7+ Ka4 52. Rb6 Rd5 53. Rxa6 Rxa5 54. Rxf6 c3 55. Rc6 Kb3 56. Rb6+ Kc2 57.
Rxh6 Re5+ 58. Kf2 Kc1 59. Rc6 c2 60. g3 Kd2 61. f4 Re2+ 62. Kf3 Re3+ 63. Kf2
Rc3 64. Rd6+ Rd3 65. Rc6 c1=Q 66. Rxc1 Kxc1 67. fxg5 Kd2 68. g6 Rd8 69. Kf3
Rg8 70. Kf4 Rxg6 71. Kf5 Rg8 72. g5 Ke3 73. g6 Kf3 74. Kf6 Kxg3 75. Kf7 Ra8
76. g7 Kf4 77. g8=Q Rxg8 78. Kxg8
{Game drawn because neither player has mating material}
1/2-1/2

[Event "ICC tourney 2022 (75 10)"]
[Site "Internet Chess Club"]
[Date "2020.09.27"]
[Round "5"]
[White "andrewf2009"]
[Black "Eagle2020"]
[Result "0-1"]
[ICCResult "White resigns"]
[WhiteElo "1755"]
[BlackElo "1578"]
[Opening "French: exchange variation"]
[ECO "C01"]
[NIC "FR.01"]
[Time "16:33:25"]
[TimeControl "4500+10"]

1. e4 e6 2. d4 d5 3. exd5 exd5 4. Nf3 Nf6 5. Bg5 Be7 6. Bd3 Bg4 7. Nbd2 Nc6
8. c3 Qd7 9. O-O O-O 10. Qc2 h6 11. Bh4 Nh5 12. Bxe7 Qxe7 13. Rae1 Qf6 14.
h3 Be6 15. Ne5 Ne7 16. Nb3 Nf4 17. Nc5 Bxh3 18. gxh3 Qg5+ 19. Ng4 Nxh3+ 20.
Kh2 Ng6 21. Bxg6 fxg6 22. Ne6 Qxg4 23. Nxf8 Rxf8 24. Re3 Nf4 25. Rg3 Qh5+
26. Kg1 Ne2+ 27. Kg2 Nxg3 28. fxg3 Rxf1 29. Kxf1 Qf5+ 30. Qf2 Qxf2+ 31. Kxf2
Kf7 32. b3 g5 33. c4 c6 34. c5 Ke6 35. b4 Kf5 36. a4 Ke4 37. b5 Kxd4 38. a5
Kxc5 39. a6 bxa6 40. bxc6 Kxc6 {White resigns} 0-1

[Event "ICC tourney 2022 (75 10)"]
[Site "Internet Chess Club"]
[Date "2020.09.27"]
[Round "5"]
[White "pika0008"]
[Black "StevChess01"]
[Result "0-1"]
[ICCResult "White checkmated"]
[WhiteElo "1602"]
[BlackElo "1905"]
[Opening "English: symmetrical, three knights system"]
[ECO "A30"]
[NIC "EO.42"]
[Time "16:33:25"]
[TimeControl "4500+10"]

1. Nf3 Nf6 2. c4 c5 3. Nc3 d5 4. cxd5 Nxd5 5. e4 Nb4 6. d3 e6 7. Be2 Be7 8.
O-O O-O 9. a3 N4c6 10. Be3 Nd4 11. Rc1 Nbc6 12. Kh1 b6 13. Nd2 Ba6 14. f4
Nxe2 15. Qxe2 Bxd3 16. Qg4 Bxf1 17. Rxf1 Nd4 18. f5 Kh8 19. Nf3 Nxf3 20.
Rxf3 g6 21. fxe6 fxe6 22. Qxe6 Rxf3 23. gxf3 Qd6 24. Qg4 Bf6 25. f4 Bxc3 26.
bxc3 Rd8 27. Qg5 Qd1+ 28. Kg2 Qe2+ 29. Bf2 Qxe4+ 30. Kg3 Rd3+ 31. Kh4 Qe6
32. Bg3 Kg7 33. f5 Qf6 34. fxg6 Qxg5+ 35. Kxg5 hxg6 36. Bf4 Kf7 37. Be5 Rd5
38. Kf4 Ke6 39. Bh8 Rf5+ 40. Kg3 g5 41. h4 gxh4+ 42. Kxh4 Rf4+ 43. Kg3 Ra4
44. Kf3 Rxa3 45. Ke3 Ra4 46. Kd2 Ra2+ 47. Kd3 Rb2 48. c4 Rb4 49. Kc3 Kd6 50.
Bf6 a5 51. Bg5 Rb1 52. Bf4+ Kc6 53. Kc2 Rg1 54. Bc1 Rg2+ 55. Kb3 Rg4 56. Bd2
a4+ 57. Kxa4 Rxc4+ 58. Kb3 Rh4 59. Bc3 b5 60. Bd2 Rh3+ 61. Kb2 b4 62. Kc2
Kd5 63. Kb2 Kc4 64. Kc2 Rh2 65. Kd1 Kd3 66. Kc1 Rxd2 67. Kb1 b3 68. Ka1 Kc3
69. Kb1 Rd1# {White checkmated} 0-1

[Event "ICC tourney 2022 (75 10)"]
[Site "Internet Chess Club"]
[Date "2020.09.27"]
[Round "5"]
[White "tortorchess"]
[Black "ScoutViolet"]
[Result "0-1"]
[ICCResult "White checkmated"]
[WhiteElo "1453"]
[BlackElo "1605"]
[Opening "QGD"]
[ECO "D30"]
[NIC "QP.08"]
[Time "16:33:25"]
[TimeControl "4500+10"]

1. d4 d5 2. c4 e6 3. Nf3 Nf6 4. Bg5 Be7 5. Nc3 Nbd7 6. e3 h6 7. Bh4 O-O 8.
Bd3 b6 9. O-O Bb7 10. Rc1 Rc8 11. a3 c5 12. cxd5 Nxd5 13. Bxe7 Nxe7 14. Nb5
cxd4 15. Rxc8 Nxc8 16. exd4 a6 17. Nc3 b5 18. Be4 Bxe4 19. Nxe4 Ncb6 20. Nc3
Nf6 21. Ne5 Nfd5 22. Ne4 Qa8 23. Qf3 Ne7 24. h3 f6 25. Nd3 Nf5 26. Qg4 h5
27. Qf4 Nd5 28. Qd2 Nxd4 29. Ndc5 e5 30. Qa5 Nf4 31. Qxa6 Qc8 32. Qxc8 Rxc8
33. Nb7 Rc2 34. Rb1 Nd3 35. f3 f5 36. Nc3 Nf4 37. g3 Nxh3+ 38. Kf1 Nxf3 39.
Ne2 Nd2+ 40. Kg2 Nxb1 41. Kxh3 Rxe2 42. Nd6 f4 43. gxf4 exf4 44. Nf5 f3 45.
Kg3 f2 46. Kg2 Nd2 47. Ne3 f1=Q+ 48. Kg3 Qf3+ 49. Kh4 Rh2+ 50. Kg5 Ne4+ 51.
Kg6 Qf6# {White checkmated} 0-1

[Event "ICC tourney 2022 (75 10)"]
[Site "Internet Chess Club"]
[Date "2020.09.27"]
[Round "5"]
[White "TheDude865"]
[Black "mydogeatschess"]
[Result "0-1"]
[ICCResult "White resigns"]
[WhiteElo "1240"]
[BlackElo "1887"]
[Opening "Ruy Lopez: Marshall counter-attack, 11...c6"]
[ECO "C89"]
[NIC "RL.17"]
[Time "16:33:23"]
[TimeControl "4500+10"]

1. e4 e5 2. Nf3 Nc6 3. Bb5 a6 4. Ba4 Nf6 5. O-O Be7 6. Re1 b5 7. Bb3 O-O 8.
c3 d5 9. exd5 Nxd5 10. Nxe5 Nxe5 11. Rxe5 c6 12. d3 Bd6 13. Re1 Qh4 14. g3
Qh3 15. Re4 Qf5 16. Bxd5 cxd5 17. Re1 d4 18. Qe2 Bb7 19. Nd2 dxc3 20. bxc3
Rac8 21. Bb2 Rfd8 22. Ne4 Bb8 23. Rad1 h5 24. Qe3 f6 25. Qe2 h4 26. Qf1 hxg3
27. hxg3 Qh7 28. Qg2 Bc6 29. Qh1 Qg6 30. Qh4 Kf7 31. f3 Rh8 32. Qg4 Qxg4 33.
fxg4 Rh3 34. Ba3 Bxe4 35. Rxe4 Rxg3+ 36. Kf2 Rxc3 37. Bb4 Rc2+ 38. Kf1 Rf3+
39. Kg1 Bf4 40. d4 Be3+ 41. Rxe3 Rxe3 42. d5 Ke8 43. d6 Kd7 44. a3 Rg3+ 45.
Kf1 Rxg4 46. Re1 Rxb4 47. axb4 Kxd6 {White resigns} 0-1

[Event "ICC tourney 2022 (75 10)"]
[Site "Internet Chess Club"]
[Date "2020.09.27"]
[Round "5"]
[White "ChessJayden"]
[Black "canary2016"]
[Result "0-1"]
[ICCResult "White forfeits on time"]
[WhiteElo "1355"]
[BlackElo "2007"]
[Opening "Sicilian: Najdorf, Opocensky variation"]
[ECO "B92"]
[NIC "SI.11"]
[Time "16:33:24"]
[TimeControl "4500+10"]

1. e4 c5 2. Nf3 d6 3. d4 cxd4 4. Nxd4 Nf6 5. Nc3 a6 6. Be2 e5 7. Nb3 Be7 8.
O-O O-O 9. Be3 Be6 10. a4 b6 11. f4 exf4 12. Bxf4 Qc7 13. Nd5 Nxd5 14. exd5
Bd7 15. Bd3 Bf6 16. c3 Bc8 17. Nd4 Qc5 18. Be3 Qxd5 19. Nf5 Bb7 20. Rf3 Nd7
21. Nxd6 Ne5 22. Nxb7 Nxf3+ 23. gxf3 Qxb7 24. Be4 Qe7 25. Qc2 Rab8 26. Bxh7+
Kh8 27. Be4 Bg5 28. f4 Bh6 29. Re1 Qh4 30. Rf1 Rfe8 31. Rf3 Qe1+ 32. Kg2 f5
{White forfeits on time}
0-1

[Event "ICC tourney 2022 (75 10)"]
[Site "Internet Chess Club"]
[Date "2020.09.27"]
[Round "5"]
[White "cdj12417489"]
[Black "rcww2020"]
[Result "0-1"]
[ICCResult "White forfeits on time"]
[WhiteElo "1297"]
[BlackElo "1641"]
[Opening "Sicilian: Taimanov variation"]
[ECO "B48"]
[NIC "SI.40"]
[Time "16:33:45"]
[TimeControl "4500+10"]

1. e4 c5 2. Nf3 e6 3. d4 cxd4 4. Nxd4 Nc6 5. Nc3 Qc7 6. Be3 Nf6 7. g4 Bb4 8.
Nb5 Qb8 9. Bg2 a6 10. a3 Be7 11. Nd4 O-O 12. g5 Ne8 13. Qg4 b5 14. O-O f6
15. g6 Nxd4 16. Bxd4 e5 17. Be3 d5 18. Qh5 hxg6 19. Qxg6 d4 20. Nd5 Bd6 21.
Bd2 Be6 22. Kh1 Bf7 23. Qg4 Qb7 24. Bh6 Bxd5 25. exd5 Qc8 26. Qxc8 Rxc8 27.
Bc1 Rxc2 28. Be4 Rc7 29. Bf5 g5 30. Rg1 Ng7 31. Bg6 Rc5 32. Be4 Kf7 33. Bd2
Rh8 34. Bb4 f5 35. Bxc5 Bxc5 36. Rac1 Bd6 37. Bb1 e4 38. Rxg5 Bf4 39. Rxg7+
Kxg7 40. Rg1+ Kf6 41. Rg2 Rc8 42. Rg1 Rc1 43. Rxc1 Bxc1 44. h4 Bxb2 45. a4
bxa4 46. Kg2 Ba3 47. Ba2 d3 48. Kf1 Kg6 49. Ke1 Kh5 50. Bc4 Kxh4 51. Bxa6
Bd6 52. f3 a3 53. Bc4 e3 {White forfeits on time} 0-1

[Event "ICC tourney 2022 (75 10)"]
[Site "Internet Chess Club"]
[Date "2020.09.27"]
[Round "5"]
[White "Ben1927829"]
[Black "rmauskopf24"]
[Result "0-1"]
[ICCResult "White checkmated"]
[WhiteElo "1861"]
[BlackElo "1682"]
[Opening "Sicilian: Najdorf, Lipnitzky attack"]
[ECO "B86"]
[NIC "SI.13"]
[Time "16:33:34"]
[TimeControl "4500+10"]

1. e4 c5 2. Nf3 d6 3. d4 cxd4 4. Nxd4 Nf6 5. Nc3 a6 6. Bc4 e6 7. O-O Be7 8.
Qf3 Qc7 9. Bb3 b5 10. a3 O-O 11. Qg3 Kh8 12. Be3 Bd7 13. f4 Nc6 14. Qf3 Rad8
15. Rad1 Rg8 16. f5 Ne5 17. Qg3 Nc4 18. fxe6 fxe6 19. Bf2 Nxb2 20. Bxe6 Nxd1
21. Rxd1 Rge8 22. Nf5 Bf8 23. Bf7 Bxf5 24. Bxe8 Bg4 25. Nd5 Nxd5 26. Rxd5
Be6 27. Rh5 Qxc2 28. Rxh7+ Kxh7 29. Qg6+ Kh8 30. Qh5+ Kg8 31. h3 Rxe8 32.
Qxe8 Qxe4 33. Qh5 Bd5 34. Qg5 Be7 35. Qg3 Bh4 36. Qe3 Qxg2# {White
checkmated} 0-1

[Event "ICC tourney 2022 (75 10)"]
[Site "Internet Chess Club"]
[Date "2020.09.27"]
[Round "5"]
[White "DLWarrior"]
[Black "corviknight"]
[Result "1-0"]
[ICCResult "Black checkmated"]
[WhiteElo "1890"]
[BlackElo "1772"]
[Opening "Queen's pawn, Mason variation"]
[ECO "D00"]
[NIC "QP.08"]
[Time "16:33:27"]
[TimeControl "4500+10"]

1. d4 d5 2. Bf4 Nf6 3. Nc3 e6 4. e3 Bd6 5. Bg3 O-O 6. Bd3 c5 7. Nf3 Nc6 8.
Ne5 cxd4 9. Nxc6 bxc6 10. exd4 c5 11. dxc5 Bxc5 12. O-O Bb7 13. Bh4 e5 14.
Bb5 d4 15. Na4 Be7 16. Qe2 Qd5 17. f3 Rac8 18. Rfe1 Bd6 19. Bxf6 gxf6 20.
Rad1 Qxa2 21. Qf2 f5 22. Bd7 Rc7 23. Ra1 Qd5 24. Bxf5 f6 25. Be4 Qe6 26.
Bxb7 Rxb7 27. Qxd4 Rg7 28. Qd2 e4 29. Rxe4 Qh3 30. f4 Rff7 31. Re8+ Bf8 32.
Kh1 Qg4 33. Qd5 Kh8 34. g3 Qh3 35. Qa8 Rg8 36. Nc5 Qg4 37. Ne6 Be7 38. Rxg8+
Qxg8 39. Qxg8+ Kxg8 40. Rxa7 f5 41. Ra8+ Bf8 42. Rxf8+ Rxf8 43. Nxf8 Kxf8
44. Kg2 Ke7 45. Kf3 h5 46. h3 Kd6 47. g4 hxg4+ 48. hxg4 fxg4+ 49. Kxg4 Ke6
50. b4 Kd5 51. f5 Kc4 52. f6 Kxb4 53. f7 Kc3 54. f8=Q Kxc2 55. Qf3 Kb1 56.
Qe2 Ka1 57. Kf3 Kb1 58. Ke3 Ka1 59. Kd3 Kb1 60. Kc3 Kc1 61. Qe1#
{Black checkmated}
1-0